AoeStats
← B12 Official

Arabia

509700938Analyzed
3v3 RM · 3d ago on Sep 27, 2026· 51m 22s· 6 players
Game mode
Random Map
Map size
Normal (6 player)
Population
200
Speed
Normal
Resources
Standard
Victory
Conquest
Starting age
Dark Age
Ending age
Imperial Age
RankedLock teamsTeams togetherTeam positionsShared explorationLock speedFull tech treeHidden civsTurbo modeCheats
Victory
Defeat
🇺🇸 Danes · United States
721
+15
🇺🇸 Saxons · United States
716
+15
🇺🇸 Spanish · United States
683
+16
🇮🇳 Franks · India
763
-20
🇮🇳 Persians · India
684
-30
🇮🇳 Mongols · India
643
-13
BigDaddy
6:59 Loom
28:12 Feudal Age
28:39 Double-Bit Axe
30:03 Town Watch
30:55 Wheelbarrow
35:41 Horse Collar
35:58 Man-at-Arms
36:30 Arson
37:31 Gold Mining
38:55 Stone Mining
45:59 Forging
45:50 Scale Mail Armor
45:59 Padded Archer Armor
45:50 Fletching
Spy_Demon
5:37 Loom
11:59 Feudal Age
13:38 Wheelbarrow
14:29 Forging
20:47 Castle Age
19:17 Scale Barding Armor
25:05 Hand Cart
27:55 Double-Bit Axe
29:53 Chain Barding Armor
30:56 Town Watch
35:30 Iron Casting
36:24 Ballistics
36:00 Murder Holes
38:29 Fletching
41:49 Imperial Age
43:31 Bodkin Arrow
48:16 Chemistry
47:29 Masonry
Genghis Khan
2:32 Loom
12:56 Feudal Age
14:23 Double-Bit Axe
14:23 Horse Collar
23:13 Wheelbarrow
22:37 Gold Mining
39:01 Stone Mining
41:26 Castle Age
42:35 Bow Saw
43:47 Gold Shaft Mining
43:48 Stone Shaft Mining
44:32 Crossbowman
Haaner
4:56 Loom
11:56 Feudal Age
12:23 Double-Bit Axe
14:20 Gold Mining
16:01 Fletching
23:51 Castle Age
22:41 Padded Archer Armor
22:41 Scale Mail Armor
24:19 Forging
25:06 Wheelbarrow
24:27 Stone Mining
26:35 Squires
26:24 Arson
26:35 Crossbowman
29:58 Leather Archer Armor
31:30 Pikeman
33:34 Bow Saw
41:42 Gold Shaft Mining
41:24 Chain Mail Armor
41:45 Iron Casting
43:32 Hand Cart
48:11 Imperial Age
46:44 Masonry
46:56 Ballistics
47:47 Bodkin Arrow
49:18 Conscription
Hiddenninja
8:42 Loom
12:00 Feudal Age
12:07 Man-at-Arms
13:18 Arson
13:57 Double-Bit Axe
17:01 Forging
19:08 Wheelbarrow
19:36 Scale Mail Armor
21:02 Loom
30:36 Castle Age
30:40 Pikeman
31:21 Squires
32:04 Town Watch
34:58 Wheelbarrow
36:38 Gambesons
40:21 Iron Casting
40:17 Gold Mining
40:19 Stone Mining
41:18 Chain Mail Armor
45:42 Hand Cart
45:41 Hamask
53:36 Imperial Age
B12 Official
9:08 Loom
12:56 Feudal Age
15:03 Double-Bit Axe
15:08 Horse Collar
24:30 Castle Age
Connection lost

Rejoining the realm…

Still unreachable

The connection could not be restored.

Session expired

The server has moved on; the page needs a fresh start.